Map: Ghost River LE

Players

Fjant

  • Race: Zerg Zerg
  • League: Grandmaster
  • Spawn Location: 11:00

Highdra - Winner!

  • Race: Protoss Protoss
  • Spawn Location: 1:00

Event: HomeStory Cup XXV

VOD

Have the link to the VOD?

Description

Time

  • Played on: June 21, 2024, 9:05 a.m.
  • Length: 9:37

All games in this series

Show
View Real Time Build Order
Export as new Build Order

Fjant Zerg 

Build Orders: Pool First 

Get SALT Encoding   

  12  0:16  Spawning Pool  
  11  0:22  Drone  
  11  0:25  Drone  
  13  0:40  Drone, Overlord  
  14  1:03  Zergling x4  
  16  1:04  Zergling x2  
  17  1:20  Hatchery  
  17  1:23  Zergling x2  
  17  1:28  Zergling x2  
  18  1:40  Zergling x2  
  18  1:42  Queen  
  21  1:53  Zergling x2  
  22  2:02  Overlord  
  21  2:22  Drone x2  
  22  2:32  Hatchery, Drone  
  22  2:42  Drone  
  23  2:51  Extractor  
  22  2:52  Drone  
  22  2:54  Hatchery  
  22  3:00  Drone  
  22  3:02  Drone x2  
  25  3:06  Overlord  
  25  3:14  Drone  
  25  3:25  Overlord  
  25  3:35  Drone, Queen  
  25  3:36  Drone  
  28  3:45  Queen  
  30  3:52  Metabolic Boost  
  29  3:58  Zergling x4  
  29  4:00  Drone  
  32  4:05  Drone  
  32  4:08  Drone x2  
  34  4:16  Queen  
  36  4:23  Drone x2  
  38  4:31  Drone  
  39  4:33  Drone  
  39  4:37  Queen  
  42  4:39  Overlord  
  42  4:41  Drone x2  
  42  4:45  Overlord  
  44  4:52  Drone x4  
  48  4:57  Overlord  
  48  5:09  Drone  
  48  5:12  Overlord  
  48  5:14  Drone  
  48  5:15  Zergling x4  
  48  5:21  Spore Crawler x2  
  48  5:22  Drone  
  48  5:23  Drone x2  
  48  5:26  Drone  
  50  5:31  Lair  
  50  5:32  Drone  
  50  5:33  Drone  
  50  5:35  Spore Crawler  
  51  5:38  Drone x2  
  53  5:43  Drone x3  
  53  5:45  Drone  
  53  5:48  Drone x2  
  59  5:50  Extractor  
  58  6:00  Roach Warren, Drone x2  
  58  6:01  Drone  
  60  6:08  Zergling x8  
  60  6:09  Zergling x2  
  64  6:15  Spore Crawler  
  64  6:18  Drone x3  
  65  6:19  Pneumatized Carapace  
  65  6:21  Overlord  
  64  6:34  Queen x2  
  64  6:36  Overlord x2  
  68  6:41  Spore Crawler  
  68  6:44  Roach x2  
  68  6:45  Overlord  
  71  6:47  Roach  
  71  6:52  Roach x5  
  71  6:53  Zergling x2  
  71  6:54  Zergling x2  
  85  7:05  Zergling x16  
  93  7:26  Ravager  
  93  7:27  Zergling x20  
  93  7:28  Ravager  
  105  7:35  Queen, Zergling x8  
  105  7:36  Queen  
  113  7:49  Overlord  
  113  7:56  Overlord  
  107  8:02  Overlord  
  105  8:07  Zergling x4, Overlord  
  105  8:12  Zergling x16  
  109  8:18  Zergling x6  
  109  8:20  Overseer  
  109  8:24  Zergling x6  
  110  8:28  Hatchery  
  110  8:31  Roach x5  
  110  8:38  Roach  
  102  8:47  Roach x3  
  99  8:51  Roach x2  
  99  8:53  Drone  
  106  8:55  Roach  
  106  8:56  Roach  
  106  8:57  Zergling x8  
  106  9:00  Zergling x6  
  110  9:05  Zergling x4  
  110  9:11  Zergling x2  
  110  9:14  Zergling x2  
Show
View Real Time Build Order
Export as new Build Order

Highdra Protoss - Winner!

Build Orders:  

Get SALT Encoding   

  12  0:00  Probe  
  13  0:12  Probe  
  14  0:20  Pylon  
  14  0:24  Probe  
  15  0:38  Probe (Chrono Boost)  
  15  0:40  Gateway  
  16  0:47  Probe (Chrono Boost)  
  17  0:50  Assimilator  
  17  0:52  Probe  
  18  1:04  Probe  
  19  1:16  Probe  
  20  1:25  Zealot (Chrono Boost)  
  20  1:26  Forge  
  20  1:28  Cybernetics Core  
  22  1:35  Pylon  
  22  1:37  Probe  
  23  1:53  Zealot  
  25  2:00  Photon Cannon  
  25  2:07  Photon Cannon  
  25  2:15  Pylon  
  25  2:27  Gateway  
  23  2:33  Nexus  
  23  2:39  Assimilator  
  23  2:42  Probe  
  24  2:54  Stargate  
  24  2:56  Shield Battery  
  24  2:59  Warp Gate  
  24  3:03  Probe  
  25  3:12  Shield Battery  
  25  3:15  Probe  
  26  3:20  Adept  
  28  3:27  Probe  
  29  3:35  Pylon  
  29  3:39  Probe (Chrono Boost)  
  30  3:50  Probe (Chrono Boost)  
  30  3:52  Void Ray (Chrono Boost)  
  36  3:57  Probe (Chrono Boost)  
  36  4:00  Probe (Chrono Boost)  
  37  4:04  Probe (Chrono Boost)  
  37  4:05  Probe (Chrono Boost)  
  39  4:15  Probe, Pylon  
  40  4:18  Probe  
  40  4:19  Oracle (Chrono Boost)  
  44  4:28  Probe  
  44  4:30  Probe  
  46  4:40  Probe  
  46  4:42  Probe  
  48  4:47  Pylon  
  48  4:50  Oracle  
  48  4:52  Probe  
  52  4:54  Probe  
  52  4:56  Nexus  
  53  5:03  Pylon  
  53  5:04  Probe  
  53  5:06  Probe  
  55  5:16  Probe  
  55  5:18  Probe  
  56  5:28  Twilight Council, Probe  
  56  5:30  Forge, Probe  
  56  5:31  Assimilator x2, Adept  
  56  5:34  Gateway  
  59  5:37  Oracle  
  59  5:40  Probe  
  63  5:43  Pylon  
  63  5:47  Probe  
  63  5:49  Protoss Ground Weapons Level 1  
  64  5:50  Pylon  
  64  5:52  Probe  
  65  5:59  Probe  
  65  6:00  Pylon  
  66  6:04  Probe  
  66  6:10  Probe  
  66  6:11  Probe  
  69  6:12  Blink (Chrono Boost)  
  69  6:17  Probe (Chrono Boost)  
  70  6:22  Probe (Chrono Boost)  
  71  6:26  Stalker  
  71  6:27  Probe (Chrono Boost)  
  76  6:34  Probe (Chrono Boost)  
  76  6:35  Probe (Chrono Boost)  
  76  6:37  Gateway x2, Probe (Chrono Boost)  
  76  6:38  Gateway  
  77  6:41  Probe (Chrono Boost)  
  77  6:44  Gateway x2  
  78  6:52  Probe x2  
  80  6:54  Photon Cannon  
  80  6:56  Gateway  
  80  6:58  Shield Battery  
  80  7:04  Pylon x2  
  80  7:11  Stalker x2  
  80  7:13  Shield Battery  
  80  7:15  Shield Battery  
  84  7:16  Pylon  
  84  7:31  Stalker  
  84  7:35  Stalker x4  
  94  7:40  Stalker x2  
  98  7:53  Stalker  
  98  7:57  Stalker  
  98  7:58  Stalker x3  
  108  8:00  Stalker  
  108  8:18  Stalker x3  
  114  8:20  Stalker  
  114  8:21  Stalker x3  
  122  8:29  Stalker  
  118  8:43  Stalker x3  
  118  8:44  Stalker  
  118  8:48  Stalker x3  
  128  8:53  Pylon  
  128  8:55  Pylon  
  132  8:56  Pylon  
  132  9:00  Pylon  
  130  9:22  Stalker x8  
Tags
 
Add a new tag
Caveats
  • Supply blocks, unpowered buildings, or Contaminate may cause inaccurate times.
  • Supply counts are checked every 10 seconds.